 Dungeon Crawl Stone Soup version 0.19.0-11-g3fc08b3 (webtiles) character file.

270 Chiseanne the Magician (level 6, 41/41 HPs)
             Began as a Demonspawn Wizard on Nov 9, 2016.
             Quit the game on level 3 of the Dungeon.
             The game lasted 00:03:59 (2806 turns).

Chiseanne the Magician (Demonspawn Wizard)          Turns: 2806, Time: 00:03:59

Health: 41/41      AC:  5    Str:  7      XL:     6   Next: 1%
Magic:  9/13       EV: 12    Int: 21      God:
Gold:   56         SH:  0    Dex: 11 (12) Spells: 4 memorised, 5 levels left

rFire  . . .     SeeInvis .     m - +0 short sword
rCold  . . .     Gourm    .     e - +2 robe {MR+}
rNeg   . . .     Faith    .     (no shield)
rPois  .         Spirit   .     b - +0 hat
rElec  .         Reflect  .     q - +0 cloak
rCorr  .         Harm     .     (no gloves)
MR     +....                    (no boots)
Stlth  ++........               (no amulet)
                                (no ring)
                                (no ring)

@: no status effects
A: claws 1, spiny 2
a: no special abilities


You were on level 3 of the Dungeon.
You were not hungry.

You visited 1 branch of the dungeon, and saw 3 of its levels.

You collected 56 gold pieces.

Inventory:

Hand Weapons
 g - a +0 dagger
 m - a +0 short sword (weapon)
Missiles
 h - 77 stones (quivered)
 k - 2 throwing nets
 l - 39 sling bullets
 w - 28 bolts
Armour
 b - a +0 hat (worn)
 e - a +2 robe of magic resistance (worn)
 p - a +0 buckler
 q - a +0 cloak (worn)
Jewellery
 a - an uncursed ring of positive energy {unknown}
Scrolls
 f - a scroll of magic mapping {unknown}
 i - 2 scrolls of recharging {unknown}
 j - a scroll of blinking {unknown}
 n - a scroll of enchant armour {unknown}
 o - a scroll of identify {unknown}
 t - a scroll of noise {unknown}
 u - a scroll of amnesia {unknown}
 x - a scroll of remove curse {unknown}
Potions
 r - a potion of curing {unknown}
 s - 3 potions of cure mutation {unknown}
 z - a potion of haste {unknown}
Books
 c - a book of Minor Magic

   Spells                             Type                      Level
   a - Magic Dart                     Conjuration                  1
   b - Blink                          Translocation                2
   c - Call Imp                       Summoning                    2
   d - Repel Missiles                 Charms/Air                   2
   e - Slow                           Hexes                        2
   f - Conjure Flame                  Conjuration/Fire             3
   g - Mephitic Cloud                 Conjuration/Poison/Air       3
Comestibles
 d - 2 bread rations
 v - 2 fruits
 A - a meat ration


   Skills:
 - Level 1.7 Dodging
 - Level 1.7 Stealth
 * Level 4.7 Spellcasting
 * Level 4.4 Conjurations
   Level 1.0 Summonings
 - Level 0.8 Translocations


You had 5 spell levels left.
You knew the following spells:

 Your Spells              Type           Power        Failure   Level  Hunger
a - Magic Dart            Conj           ###.         1%          1    None
b - Mephitic Cloud        Conj/Pois/Air  ##......     21%         3    ##.....
c - Conjure Flame         Conj/Fire      ##......     17%         3    ##.....
d - Blink                 Tloc           N/A          12%         2    None


Dungeon Overview and Level Annotations

Branches:
Dungeon (3/15)

Altars:
Xom


Innate Abilities, Weirdness & Mutations

You have sharp fingernails.
You are mostly covered in sharp spines.


Message History

Confirm with . or Enter, or press ? or * to list all spells.
Aiming: Magic Dart
Press: ? - help, Shift-Dir - straight line, f/p - adder
Aim: an adder (heavily wounded)
The magic dart hits the adder.
The adder is heavily wounded.
Casting: Magic Dart
Confirm with . or Enter, or press ? or * to list all spells.
Aiming: Magic Dart
Press: ? - help, Shift-Dir - straight line, f/p - adder
Aim: an adder (heavily wounded)
The magic dart hits the adder.
You kill the adder!
You have reached level 6!
Your experience leads to an increase in your attributes!
Your base attributes are Str 7, Int 20, Dex 12.
Increase (S)trength, (I)ntelligence, or (D)exterity?
You feel clever.
Your demonic ancestry asserts itself...
Your fingernails lengthen.
Are you sure you want to abandon this character and quit the game? (Confirm with "yes".)

.......#..............
#........#..............
+.................##....
##......................
........................
........................
....................#
....................#
.......@........#...#
#......###......#...####
....... ........#.......
..............###.......
..#†..........# #.......
..............####....†.
..............+.........
...(..........##........
.#.#...#.........


There were no monsters in sight!

Vanquished Creatures
  Sigmund (D:2)
  6 adders
  3 oozes
  A leopard gecko (D:3)
  A giant cockroach (D:2)
  12 goblins
  2 hobgoblins
  5 kobolds
  A ball python (D:3)
  5 bats
  5 frilled lizards
  7 rats
49 creatures vanquished.

Notes
Turn   | Place    | Note
-------+----------+-------------------------------------------
     0 | D:1      | Chiseanne the Demonspawn Wizard began the quest for the Orb.
     0 | D:1      | Reached XP level 1. HP: 13/13 MP: 4/4
    10 | D:1      | Noticed a bullfrog
   569 | D:1      | Gained mutation: You are partially covered in sharp spines. [demonic ancestry]
   569 | D:1      | Reached XP level 2. HP: 18/19 MP: 3/6
  1294 | D:2      | Reached XP level 3. HP: 10/24 MP: 1/8
  1322 | D:2      | HP: 1/24 [poisoned by an adder]
  1620 | D:2      | Noticed Sigmund
  1689 | D:1      | Learned a level 3 spell: Mephitic Cloud
  1693 | D:1      | Learned a level 3 spell: Conjure Flame
  1696 | D:1      | Learned a level 2 spell: Blink
  1959 | D:2      | Killed Sigmund
  1959 | D:2      | Gained mutation: You are mostly covered in sharp spines. [demonic ancestry]
  1959 | D:2      | Reached XP level 4. HP: 22/30 MP: 1/10
  1959 | D:2      | Reached XP level 5. HP: 26/35 MP: 1/11
  2359 | D:2      | Found a shimmering altar of Xom.
  2805 | D:3      | Gained mutation: You have sharp fingernails. [demonic ancestry]
  2805 | D:3      | Reached XP level 6. HP: 41/41 MP: 9/13
  2806 | D:3      | Quit the game

Skill      XL: |  1  2  3 |
---------------+----------+-----
Conjurations   | 2 4 |  4.4
Spellcasting   | 4 |  4.7
Dodging        | |  1.7
Stealth        | |  1.7
Summonings     | |  1.0
Translocations | |  0.8

Action                   |  1- 3 |  4- 6 || total
-------------------------+-------+-------++-------
Melee: Dagger            |     9 |       ||     9
       Short sword       |    22 |     9 ||    31
 Cast: Magic Dart        |    58 |    40 ||    98
       Mephitic Cloud    |     2 |       ||     2
  Use: Potion            |     1 |       ||     1
 Stab: Confused          |     1 |       ||     1
       Sleeping          |       |     1 ||     1
  Eat: Chunk             |     2 |     4 ||     6
Armor: Robe              |     4 |     6 ||    10
Dodge: Dodged            |    29 |     3 ||    32
